 Dungeon Crawl Stone Soup version 0.26.0-16-gc1dbca0489 (webtiles) character file.

Game seed: 16074651379035111411

458 kaeus the Sneak (level 7, -15/73 HPs)
             Began as an Octopode Berserker on Jan 20, 2021.
             Was a Priest of Trog.
             Demolished by Edmund
             ... wielding a +1 flail of distortion
              (22 damage)
             ... on level 4 of the Dungeon.
             The game lasted 00:08:42 (4193 turns).

kaeus the Sneak (Octopode Berserker)                Turns: 4193, Time: 00:08:42

Health: -15/73     AC:  1    Str: 18    XL:     7   Next: 6%
Magic:  7/7        EV: 15    Int:  9    God:    Trog [***...]
Gold:   312        SH:  0    Dex: 12    Spells: 6/6 levels left

rFire    . . .     SeeInvis .   o - +0 dagger
rCold    . . .     Faith    +   (no shield)
rNeg     . . .     Spirit   .   (helmet restricted)
rPois    .         Reflect  .   c - amulet of faith
rElec    .         Harm     .   j - ring of wizardry
rCorr    .         Rampage  .   (no ring)
Will     .....                  (no ring)
Stlth    ..........             (no ring)
HPRegen  0.22/turn              (no ring)
MPRegen  0.10/turn              (no ring)
                                (no ring)
                                (no ring)

@: berserking, very quick
A: almost no armour, stealthy swim, amphibious, 8 rings, constrict 8, camouflage
1, gelatinous body 1
a: Renounce Religion, Berserk, Trog's Hand


You were on level 4 of the Dungeon.
You worshipped Trog.
Trog was most pleased with you.
You visited 1 branch of the dungeon, and saw 4 of its levels.

You collected 312 gold pieces.

Inventory:

Hand Weapons
 o - a +0 dagger (weapon)
Jewellery
 c - an amulet of faith (around mantle)
 f - an uncursed amulet of magic regeneration
 j - a ring of wizardry (left tentacle)
 m - an uncursed ring of resist corrosion
Wands
 l - a wand of paralysis (9)
Scrolls
 b - 2 scrolls of identify
 d - 2 scrolls of amnesia
 e - a scroll of fear
 n - 2 scrolls of remove curse
 p - a scroll of enchant armour {unknown}
 s - a scroll of teleportation {unknown}
Potions
 a - 3 potions of might
 g - 3 potions of heal wounds {unknown}
 h - a potion of attraction {unknown}
 i - a potion of mutation {unknown}
 k - a potion of invisibility {unknown}
 q - a potion of curing {unknown}
 r - a potion of resistance {unknown}


   Skills:
 + Level 4.3 Fighting
 + Level 4.2 Short Blades
 + Level 4.3 Dodging
 * Level 6.2 Stealth


You had 6 spell levels left.
You didn't know any spells.
Your spell library was empty.

Dungeon Overview and Level Annotations

Branches:
Dungeon (4/15)             Temple (0/1) D:4

Altars:

Annotations:
D:4 Edmund


Innate Abilities, Weirdness & Mutations

You cannot wear most types of armour.
You are very stealthy in the water. (Stealth+)
You are amphibious.
You can wear up to eight rings at the same time.
You can use your tentacles to constrict eight enemies at once.
Your skin changes colour to match your surroundings (Stealth+).
Your rubbery body absorbs attacks. (AC +1, EV +1)


Message History

You hit Edmund.
Edmund is lightly wounded.
You constrict Edmund, but do no damage.
Edmund hits you with a +1 flail of distortion.
Space warps horribly around you!
You hit Edmund.
Edmund is lightly wounded.
You constrict Edmund.
Edmund hits you with a +1 flail of distortion.
* * * LOW HITPOINT WARNING * * *
You puncture Edmund! You squeeze Edmund.
Edmund is moderately wounded.
You constrict Edmund. You hit Edmund but do no damage.
You squeeze Edmund, but do no damage.
Edmund is moderately wounded.
You constrict Edmund, but do no damage.
Edmund hits you with a +1 flail of distortion!
* * * LOW HITPOINT WARNING * * *
Space warps horribly around you!!
You die...

....##...#........##.##....###...
.....#..........###..#..#.......#
......<..........###....##...####
.....#.............#..###.....###
....###................#.........
...## ##.....##............##..#.
##'####.<.................>....##
.....####............##.......<..
.###.#.....>....@....###.........
.+>#.'.##......@.................
.###.#.####..........###.#.......
.....#.# ##.#.......# #.##.....#
##'###.# ####.....## ##......##
#.....# ##....# #........ #######
....######........
#..####........... #............


You could see Edmund (berserk).

Vanquished Creatures
  Sigmund (D:3)
  A centaur skeleton (D:4)
  An orc priest (D:3)
  Jessica (D:2)
  2 iguanas (D:4)
  A worker ant (D:4)
  5 adders
  A shadow imp (D:4)
  An ooze (D:1)
  An adder skeleton (D:3)
  A dart slug (D:3)
  3 leopard geckos
  6 orcs
  4 bats
  3 giant cockroaches
  9 goblins
  4 hobgoblins
  10 jackals
  8 kobolds
  3 quokkas
  A ball python (D:1)
  3 frilled lizards
  A leopard gecko skeleton (D:4)
  7 rats
  A bush (D:1)
79 creatures vanquished.

Vanquished Creatures (others)
  A plant (D:1)
1 creature vanquished.

Grand Total: 80 creatures vanquished

Notes
Turn   | Place    | Note
-------+----------+-------------------------------------------
     0 | D:1      | kaeus the Octopode Berserker began the quest for the Orb.
     0 | D:1      | Reached XP level 1. HP: 16/16 MP: 1/1
    68 | D:1      | Reached skill level 1 in Stealth
   270 | D:1      | Reached XP level 2. HP: 21/21 MP: 2/2
   682 | D:1      | Reached skill level 2 in Stealth
  1079 | D:2      | Reached XP level 3. HP: 26/26 MP: 3/3
  1334 | D:2      | Reached ** piety under Trog
  1387 | D:2      | Noticed Jessica
  1395 | D:2      | Killed Jessica
  1396 | D:2      | Reached skill level 3 in Stealth
  1396 | D:2      | Reached XP level 4. HP: 29/31 MP: 4/4
  1534 | D:2      | Found a faded altar of an unknown god.
  1567 | D:2      | You fall into a shaft and drop 2 floors!
  1568 | D:4      | Noticed Edmund
  2517 | D:3      | Reached XP level 5. HP: 36/36 MP: 5/5
  2538 | D:3      | Reached skill level 4 in Stealth
  2561 | D:3      | Noticed Sigmund
  2569 | D:3      | Killed Sigmund
  2570 | D:3      | Reached skill level 5 in Stealth
  2570 | D:3      | Reached XP level 6. HP: 25/43 MP: 6/6
  2831 | D:3      | Paralysed by a goblin for 7 turns
  2894 | D:3      | Reached *** piety under Trog
  3366 | D:4      | Found a staircase to the Ecumenical Temple.
  3615 | D:4      | Reached skill level 6 in Stealth
  3805 | D:4      | Reached XP level 7. HP: 49/49 MP: 7/7
  4193 | D:4      | Demolished by Edmund

Illustrated notes

Levels and vault maps discovered:
D:1:      minmay_arrival_open_corners, layout_basic, serial_forest,
          infiniplex_forest_end_2, infiniplex_forest_end_2,
          infiniplex_forest_clump_medium, infiniplex_forest_clump_tiny,
          infiniplex_forest_lined_1, infiniplex_forest_lined_corner,
          infiniplex_forest_join, infiniplex_forest_lined_3_way,
          ebering_dispersal_statue_hall
D:2:      layout_basic, chequers_ecumenical_altar_simple, uniq_jessica
D:3:      layout_rooms, minmay_randomly_rotated_circles, uniq_sigmund
D:4:      layout_cave_pools, minmay_temple_entry_glassed_door,
          minmay_strange_pillars, uniq_edmund

Skill      XL: |  1  2  3  4  5  6 |
---------------+-------------------+-----
Stealth        | 1 2 3 5 6 |  6.2
Fighting       | 4 |  4.3
Short Blades   | 4 |  4.2
Dodging        | 4 |  4.3

Action                   |  1- 3 |  4- 6 |  7- 9 || total
-------------------------+-------+-------+-------++-------
Melee: Short sword       |    28 |    11 |       ||    39
       Constrict         |    15 |    25 |     2 ||    42
       Tentacles         |    50 |    23 |     5 ||    78
       Dagger            |   152 |    94 |    15 ||   261
Invok: Berserk           |       |     1 |     1 ||     2
  Use: Scroll            |       |     3 |       ||     3
 Stab: Sleeping          |     6 |    10 |       ||    16
       Distracted        |       |     1 |       ||     1
Armor: Skin              |     3 |     5 |       ||     8
Dodge: Dodged            |    41 |    65 |     7 ||   113
